 Dungeon Crawl Stone Soup version 0.21.1-1-g345015f (webtiles) character file.

832 Fang the Chopper (level 7, -1/44 HPs)
             Began as a Gargoyle Berserker on May 31, 2018.
             Was a Priest of Trog.
             Slain by a hound (3 damage)
             ... on level 4 of the Dungeon.
             The game lasted 00:04:11 (4170 turns).

Fang the Chopper (Gargoyle Berserker)               Turns: 4170, Time: 00:04:12

Health: -1/44      AC:  7    Str: 23    XL:     7   Next: 98%
Magic:  7/7        EV: 13    Int:  7    God:    Trog [***...]
Gold:   105        SH:  0    Dex:  9    Spells: 6/6 levels left

rFire    . . .     SeeInvis .   a - +1 hand axe
rCold    . . .     Gourm    .   (no shield)
rNeg     + . .     Faith    .   b - +0 animal skin
rPois    ∞         Spirit   .   (no helmet)
rElec    +         Reflect  .   (no cloak)
rCorr    +         Harm     .   (no gloves)
MR       .....                  (no boots)
Stlth    ++........             (no amulet)
HPRegen  0.14/turn              j - ring of resist corrosion
MPRegen  0.10/turn              (no ring)

@: about to teleport, berserk cooldown, very slightly contaminated, slowed, very
slow
A: negative energy resistance 1, electricity resistance, unbreathing,
petrification resistance, rot immunity, AC +4
a: Berserk, Trog's Hand, Burn Spellbooks, Renounce Religion


You were on level 4 of the Dungeon.
You worshipped Trog.
Trog was most pleased with you.
You were very hungry.

You visited 1 branch of the dungeon, and saw 4 of its levels.

You collected 105 gold pieces.

Inventory:

Hand Weapons
 a - a +1 hand axe (weapon)
Armour
 b - a +0 animal skin (worn)
Jewellery
 j - a ring of resist corrosion (left hand)
Wands
 o - a wand of random effects (16)
Scrolls
 d - 4 scrolls of identify
 g - 2 scrolls of remove curse
 l - a scroll of teleportation
Potions
 e - a potion of curing
 h - a potion of lignification {unknown}
 i - 2 potions of berserk rage {unknown}
 m - a potion of heal wounds {unknown}
 n - a potion of brilliance {unknown}
 p - a potion of ambrosia {unknown}
Books
 q - a book of Necromancy

   Spells                             Type                      Level
   a - Pain                           Necromancy                   1
   b - Animate Skeleton               Necromancy                   1
   c - Vampiric Draining              Necromancy                   3
   d - Regeneration                   Charms/Necromancy            3
   e - Animate Dead                   Necromancy                   4
   f - Borgnjor's Vile Clutch         Necromancy/Earth             5
   Trog disapproves of the use of such an item.
Comestibles
 c - 7 rations
 s - a chunk of flesh


   Skills:
 + Level 5.1 Fighting
 + Level 6.0 Axes
 + Level 2.4 Armour
 + Level 4.1 Dodging
 + Level 2.0 Stealth


You had 6 spell levels left.
You didn't know any spells.

Dungeon Overview and Level Annotations

Branches:
Dungeon (4/15)
 Temple: D:4-7

Altars:
Cheibriados
Gozag
Hepliaklqana
Xom

Annotations:
D:4 frimble's ghost, novice GrFi


Innate Abilities, Weirdness & Mutations

You are resistant to torment.
Your stone body is resilient. (AC +4)
You are immune to poison.
You resist negative energy. (rN+)
You are resistant to electric shocks. (rElec)
You can survive without breathing.
You are immune to petrification.
You are immune to rotting.


Message History

As you read the scroll labeled JINESI ZOUDIMI, it crumbles to dust.
You feel blessed for a moment.
It was a scroll of remove curse.
The worker ant bites you. The hound bites you.
* * * LOW HITPOINT WARNING * * *
The hound bites you.
* * * LOW HITPOINT WARNING * * *
The worker ant bites you.
* * * LOW HITPOINT WARNING * * *
As you read the scroll labeled NUCUMAY MAUPT, it crumbles to dust.
You hear a loud clanging noise!
It was a scroll of noise.
You hear an angry hiss.
You hear a shout! x2
The hound misses you. The worker ant misses you.
The hound bites you but does no damage. The worker ant bites you.
* * * LOW HITPOINT WARNING * * *
As you read the scroll labeled BAEGI XYOREANN, it crumbles to dust.
You feel strangely unstable.
It was a scroll of teleportation.
The hound closely misses you. The worker ant barely misses you.
The hound bites you.
You die...

##.............##
#...............##..
.................#.#
....................
..................#
..................#
..................#
............!.....#
.)..........@.....#
............ha....#
..............W...#
.................##
..(.........%%.##
.............†......
..(..?.............
........%.........
.................


You could see a hound, a worker ant and frimble's ghost.

Vanquished Creatures
  Sigmund (D:3)
  An ogre (D:4)
  The ghost of MaidMarian the Cudgeler, an amateur DsCK of Xom (D:3)
  A bullfrog (D:4)
  A scorpion (D:4)
  2 hounds (D:4)
  An orc wizard (D:4)
  Terence (D:3)
  2 iguanas (D:4)
  Robin (D:3)
  12 adders
  2 oozes
  2 worms
  2 dart slugs
  A leopard gecko (D:4)
  9 orcs
  A ball python (D:3)
  11 bats
  6 giant cockroaches
  11 hobgoblins
  3 jackals (D:2)
  A quokka (D:3)
  2 frilled lizards
  13 goblins
  5 kobolds
  A leopard gecko skeleton (D:4)
  5 rats
99 creatures vanquished.

Notes
Turn   | Place    | Note
-------+----------+-------------------------------------------
     0 | D:1      | Fang the Gargoyle Berserker began the quest for the Orb.
     0 | D:1      | Reached XP level 1. HP: 14/14 MP: 1/1
    42 | D:1      | Reached XP level 2. HP: 13/19 MP: 2/2
   174 | D:1      | Reached skill level 3 in Axes
   681 | D:1      | Found an opulent altar of Gozag.
   683 | D:1      | Found a radiant altar of Vehumet.
   683 | D:1      | Found a snail-covered altar of Cheibriados.
   685 | D:1      | Found a hide-covered altar of Uskayaw.
   685 | D:1      | Found a shimmering altar of Xom.
   685 | D:1      | Found a hazy altar of Hepliaklqana.
   754 | D:2      | Reached XP level 3. HP: 19/24 MP: 3/3
  1268 | D:2      | Reached XP level 4. HP: 27/29 MP: 4/4
  1362 | D:2      | Reached ** piety under Trog
  1919 | D:3      | Noticed Terence
  1932 | D:3      | Killed Terence
  1932 | D:3      | Reached skill level 4 in Axes
  1932 | D:3      | Reached XP level 5. HP: 18/33 MP: 5/5
  2215 | D:3      | Noticed MaidMarian's ghost (amateur DsCK)
  2230 | D:3      | Killed MaidMarian's ghost
  2267 | D:3      | Reached XP level 6. HP: 4/38 MP: 6/6
  2790 | D:3      | Noticed Robin
  2808 | D:3      | Killed Robin
  2876 | D:3      | Noticed Sigmund
  2877 | D:3      | Found an opulent altar of Gozag.
  2886 | D:3      | Killed Sigmund
  2886 | D:3      | Reached skill level 1 in Stealth
  3048 | D:3      | Reached skill level 5 in Axes
  3052 | D:3      | Reached XP level 7. HP: 25/44 MP: 7/7
  3205 | D:3      | Reached *** piety under Trog
  4147 | D:4      | Reached skill level 5 in Fighting
  4149 | D:4      | Reached skill level 6 in Axes
  4165 | D:4      | Noticed frimble's ghost (novice GrFi)
  4169 | D:4      | HP: 2/44 [worker ant (2)]
  4170 | D:4      | Slain by a hound

Skill      XL: |  1  2  3  4  5  6  7 |
---------------+----------------------+-----
Axes           | 3 4 5 6 |  6.0
Dodging        | 2 3 4 |  4.1
Fighting       | 4 5 |  5.1
Stealth        | 1 2 |  2.0
Armour         | |  2.4

Action                   |  1- 3 |  4- 6 |  7- 9 || total
-------------------------+-------+-------+-------++-------
Melee: Hand axe          |   112 |   155 |    86 ||   353
Invok: Berserk           |     1 |     4 |     2 ||     7
  Use: Scroll            |       |       |     6 ||     6
 Stab: Sleeping          |       |     1 |     1 ||     2
  Eat: Chunk             |     2 |     6 |     4 ||    12
       Ration            |       |     1 |       ||     1
Armor: Animal skin       |    77 |    96 |    28 ||   201
Dodge: Dodged            |   141 |   168 |    71 ||   380
